 Dungeon Crawl Stone Soup version 0.21-a0-142-gdd972a7 (webtiles) character file.

4880 Gorice the Martial Artist (level 10, -5/63 HPs)
             Began as a Demonspawn Necromancer on July 22, 2017.
             Was a Priest of Okawaru.
             Slain by a big kobold
             ... wielding the +3 halberd of Foeczyebbe {elec, MR- Str+6}
              (10 damage)
             ... on level 8 of the Dungeon.
             The game lasted 00:38:08 (9799 turns).

Gorice the Martial Artist (Demonspawn Necromancer)  Turns: 9799, Time: 00:38:09

Health: -5/63      AC: 10    Str: 11    XL:     10   Next: 26%
Magic:  0/13       EV: 10    Int: 17    God:    Okawaru [***...]
Gold:   501        SH:  0    Dex: 19    Spells: 11/13 levels left

rFire    . . .     SeeInvis +     - Unarmed
rCold    . . .     Gourm    .   (no shield)
rNeg     + . .     Faith    .   i - +0 chain mail
rPois    .         Spirit   +   d - +1 helmet
rElec    .         Reflect  .   (no cloak)
rCorr    .         Harm     .   (no gloves)
MR       .....                  (no boots)
Stlth    ..........             k - amulet of magic regeneration
HPRegen  0.20/turn              r - ring of positive energy
MPRegen  0.51/turn              D - ring of see invisible

@: agile
A: claws 1, powered by pain 2, magic shield, magic regeneration
a: Heroism, Renounce Religion


You were on level 8 of the Dungeon.
You worshipped Okawaru.
Okawaru was most pleased with you.
You were near starving.

You visited 2 branches of the dungeon, and saw 9 of its levels.

You collected 501 gold pieces.

Inventory:

Hand Weapons
 b - a +1 hunting sling
Missiles
 g - 44 sling bullets
 l - 17 tomahawks (quivered)
 s - 70 bolts
 E - 2 silver tomahawks
 G - 6 javelins
 Y - 2 throwing nets
 Z - 272 stones
Armour
 a - a +0 robe
 d - a +1 helmet (worn)
 i - a +0 chain mail (worn)
 n - a +0 ring mail
 K - a +0 plate armour
Jewellery
 k - an amulet of magic regeneration (around neck)
 r - a ring of positive energy (left claw)
 D - a ring of see invisible (right claw)
Wands
 v - a wand of random effects (27/48)
 B - a wand of digging (17/24)
 F - a wand of confusion (8/48)
 I - a wand of digging (9/24)
 L - a wand of iceblast (11/15)
 O - a wand of disintegration (16/24)
Scrolls
 e - 5 scrolls of remove curse
 h - 5 scrolls of identify
 j - a scroll of amnesia
 t - 2 scrolls of teleportation {!r}
 J - a scroll of enchant weapon
Potions
 f - a potion of might {!q}
 o - a potion of mutation {!q}
 w - 2 potions of cancellation {!q}
 x - a potion of magic {!q}
 z - a potion of invisibility {!q}
 H - 2 potions of curing
Books
 u - a book of Necromancy
 y - a book of Conjurations
 A - a book of Minor Magic
 N - a book of Callings
 P - a book of Flames
Comestibles
 c - 5 bread rations {!e}
 m - 6 meat rations {!e}
 p - 7 fruits
 q - 4 royal jellies


   Skills:
 + Level 0.3 Armour
 - Level 1.7 Dodging
 - Level 1.7 Stealth
 + Level 13.0 Unarmed Combat
 - Level 2.0 Spellcasting
 - Level 5.5 Necromancy
 - Level 2.1 Invocations


You had 11 spell levels left.
You knew the following spells:

 Your Spells              Type           Power        Failure   Level  Hunger
a - Pain                  Necr           ###.         77%         1    #......
b - Animate Skeleton      Necr           N/A          77%         1    #......


Dungeon Overview and Level Annotations

Branches:
Dungeon (8/15)             Temple (1/1) D:6            Lair (0/6) D:8

Altars:
Ashenzari
Cheibriados
Dithmenos
Elyvilon
Fedhas
Gozag
Hepliaklqana
Kikubaaqudgha
Makhleb
Nemelex Xobeh
Okawaru
Qazlal
Ru
Trog
Uskayaw
Vehumet
Wu Jian
Xom
Yredelemnul
Zin
The Shining One
Beogh

Shops:
D:2 *


Innate Abilities, Weirdness & Mutations

You have sharp fingernails.
You sometimes gain power by taking damage.
When hurt, damage is shared between your health and your magic reserves.
You regenerate magic rapidly.


Message History

Your Unarmed Combat skill increases to level 13!
No target in view!
No target in view!
You are near starving!
There is an open door here.
HP restored. 2 big kobolds and 2 dream sheep come into view.
A big kobold is wielding an iridescent halberd {elec}.
The dream sheep bleats!
The big kobold shouts! x2
The big kobold throws a stone.
The stone barely misses you.
The big kobold hits you but does no damage.
You are electrocuted!
You focus on the pain.
You feel your power returning.
Found 4 fruits and a falchion of flaming.
A yak comes into view.
You see here a stone.
Damage: 11 (max 11)
The big kobold hits you but does no damage.
Put on which piece of jewellery? (? for menu, Esc to quit)
Okay, then.
The big kobold hits you with an iridescent halberd {elec}.
You are electrocuted!
Damage: 11 (max 11)
You claw the big kobold!
The big kobold is moderately wounded.
The big kobold hits you with an iridescent halberd {elec}!
* * * LOW HITPOINT WARNING * * *
Damage: 9 (max 11)
You are too injured to fight recklessly!
You are too injured to fight recklessly!
You are too injured to fight recklessly!
You are too injured to fight recklessly!
You are too injured to fight recklessly!
You closely miss the big kobold.
The big kobold is moderately wounded.
The big kobold completely misses you.
You closely miss the big kobold.
The big kobold is moderately wounded.
You closely miss the big kobold.
The big kobold is moderately wounded.
The big kobold hits you with an iridescent halberd {elec}.
* * * LOW HITPOINT WARNING * * *
You are electrocuted!
* * * LOW HITPOINT WARNING * * *
You focus on the pain.
You feel agile all of a sudden.
Damage: 19 (max 19)
The big kobold hits you from afar with an iridescent halberd {elec}!
* * * LOW HITPOINT WARNING * * *
You are electrocuted!
You die...

#.. . #.. # #.#
#####
#######.####...#
.........#.....#
.........'.....#
.........#.....#
#######.####...#####
##...##.........@..#
........##########K#
........# .#.....#Y#
.)..)...# YY....≈#Y#
##..###.# .'.P%..#.#
##..###.# .Y.%..≈(.#
........# K#...%.###
[.....>.# ##P≈P.≈
........# #≈≈≈≈P


You could see a big kobold.

Vanquished Creatures
  3 two-headed ogres
  Menkaure (D:6)
  Duvessa (D:4)
  An ice beast (D:6)
  A sky beast (D:4)
  A black bear (D:8)
  4 phantoms
  A necrophage (D:6)
  4 ogres
  5 bullfrogs
  Dowan (D:4)
  A wyvern skeleton (D:7)
  A scorpion (D:4)
  A jelly (D:5)
  4 crimson imps
  A bullfrog zombie (D:8)
  A quasit (D:5)
  3 hounds
  3 orc priests
  7 orc wizards
  7 worker ants
  Natasha (thrice) (D:3)
  A hound skeleton (D:4)
  A howler monkey zombie (D:7)
  A worker ant zombie (D:6)
  6 gnolls
  5 adders
  A shadow imp (D:8)
  An ooze (D:4)
  2 adder skeletons
  2 worms
  A dart slug (D:3)
  4 leopard geckos
  40 orcs
  4 bats
  2 giant cockroaches
  6 goblins
  3 hobgoblins
  11 jackals
  4 quokkas
  A ball python skeleton (D:4)
  3 frilled lizards
  2 jackal skeletons (D:4)
  8 kobolds
  A quokka zombie (D:5)
  4 rats
169 creatures vanquished.

Vanquished Creatures (collateral kills)
  An orc warrior (D:7)
  3 orc priests
  An orc wizard (D:4)
  3 gnolls (D:4)
  2 adders
  An adder skeleton (D:4)
  3 orcs (D:8)
  A hobgoblin (D:1)
  A jackal (D:7)
  A rat (D:1)
17 creatures vanquished.

Grand Total: 186 creatures vanquished

Notes
Turn   | Place    | Note
-------+----------+-------------------------------------------
     0 | D:1      | Gorice the Demonspawn Necromancer began the quest for the Orb.
     0 | D:1      | Reached XP level 1. HP: 13/13 MP: 3/3
    25 | D:1      | Learned a level 1 spell: Animate Skeleton
   526 | D:1      | Gained mutation: When hurt, damage is shared between your health and your magic reserves. [demonic ancestry]
   526 | D:1      | Reached XP level 2. HP: 16/19 MP: 3/5
   583 | D:1      | Reached skill level 5 in Necromancy
  1286 | D:2      | Found an opulent altar of Gozag.
  1468 | D:2      | Gained mutation: You have sharp fingernails. [demonic ancestry]
  1468 | D:2      | Reached XP level 3. HP: 18/24 MP: 0/6
  1637 | D:2      | Found Gozag's Platinum Reserve.
  1720 | D:2      | Reached skill level 1 in Unarmed Combat
  2136 | D:3      | Reached XP level 4. HP: 27/30 MP: 7/7
  2251 | D:3      | Noticed Natasha
  2267 | D:3      | Killed Natasha
  2267 | D:3      | Reached skill level 2 in Unarmed Combat
  2394 | D:3      | Noticed Natasha
  2404 | D:3      | Killed Natasha
  2579 | D:3      | Reached skill level 3 in Unarmed Combat
  2787 | D:3      | Noticed Natasha
  2811 | D:3      | HP: 9/30 [Natasha (2)]
  2815 | D:3      | Killed Natasha
  2815 | D:3      | Gained mutation: You sometimes gain a little power by taking damage. [demonic ancestry]
  2815 | D:3      | Reached XP level 5. HP: 32/35 MP: 6/8
  2960 | D:4      | Noticed an ogre
  2965 | D:4      | Killed an ogre
  2965 | D:4      | Reached skill level 4 in Unarmed Combat
  3136 | D:4      | Reached XP level 6. HP: 39/41 MP: 9/9
  3155 | D:4      | HP: 9/41 [orc priest/divine providence (10)]
  3434 | D:4      | Noticed Dowan
  3438 | D:4      | Noticed Duvessa
  3922 | D:4      | Killed Duvessa
  3922 | D:4      | Reached skill level 5 in Unarmed Combat
  3937 | D:4      | HP: 9/41 [Dowan/stone arrow (10)]
  3942 | D:4      | Killed Dowan
  4235 | D:4      | Found a roughly hewn altar of Beogh.
  4257 | D:3      | Reached skill level 6 in Unarmed Combat
  4257 | D:3      | Reached XP level 7. HP: 46/46 MP: 10/10
  4490 | D:5      | Entered Level 5 of the Dungeon
  4691 | D:4      | HP: 13/46 [something (4)]
  4733 | D:4      | Reached skill level 7 in Unarmed Combat
  5382 | D:5      | Reached skill level 8 in Unarmed Combat
  5382 | D:5      | Gained mutation: You sometimes gain power by taking damage. [demonic ancestry]
  5382 | D:5      | Reached XP level 8. HP: 29/52 MP: 6/11
  6240 | D:6      | Reached skill level 9 in Unarmed Combat
  6554 | D:6      | Noticed a two-headed ogre
  6681 | D:6      | Found a staircase to the Ecumenical Temple.
  6687 | Temple   | Entered the Ecumenical Temple
  6745 | Temple   | Became a worshipper of Warmaster Okawaru
  6788 | D:6      | Noticed Menkaure
  6804 | D:6      | Killed Menkaure
  6804 | D:6      | Reached skill level 10 in Unarmed Combat
  7110 | D:6      | Reached XP level 9. HP: 48/57 MP: 10/12
  7260 | D:6      | Killed a two-headed ogre
  7260 | D:6      | Reached * piety under Okawaru
  7260 | D:6      | Reached skill level 11 in Unarmed Combat
  7741 | D:7      | Reached skill level 1 in Invocations
  7877 | D:7      | Reached skill level 2 in Invocations
  8382 | D:8      | Reached ** piety under Okawaru
  8620 | D:8      | Reached skill level 12 in Unarmed Combat
  8951 | D:8      | Noticed a two-headed ogre
  8962 | D:8      | Killed a two-headed ogre
  8962 | D:8      | Gained mutation: You regenerate magic rapidly. [demonic ancestry]
  8962 | D:8      | Reached XP level 10. HP: 36/63 MP: 6/13
  9076 | D:8      | Found a staircase to the Lair.
  9205 | D:8      | Noticed a two-headed ogre
  9212 | D:8      | HP: 9/63 [two-headed ogre/dire flail (11)]
  9217 | D:8      | HP: 13/63 [two-headed ogre/dire flail (13)]
  9219 | D:8      | Killed a two-headed ogre
  9219 | D:8      | Reached *** piety under Okawaru
  9427 | D:8      | Noticed a gargoyle
  9431 | D:8      | Noticed a centaur warrior
  9441 | D:8      | HP: 5/63 [gargoyle/stone arrow (14)]
  9763 | D:8      | Reached skill level 13 in Unarmed Combat
  9798 | D:8      | HP: 11/63 [big kobold/iridescent halberd {elec} (14)]
  9799 | D:8      | HP: 5/63 [big kobold/iridescent halberd {elec} (7)]
  9799 | D:8      | Identified the +3 halberd of Foeczyebbe {elec, MR- Str+6}
  9799 | D:8      | Slain by a big kobold

Vault maps used:
D:1:      minmay_arrival_checkered_box, minmay_tripent
D:2:      serial_glass, glass_columns_a, glass_columns_c, glass_columns_a,
          glass_columns_a, glass_columns_b, glass_columns_b, glass_columns_b,
          glass_columns_a, nicolae_gozag_zags_fifth_avenue
D:3:      uniq_natasha
D:4:      kennysheep_orc_chapel, uniq_duvessa
D:5:      wad_pebble_path, first_bread
D:6:      nicolae_overflow_hidden_temple, minmay_temple_entry_overgrown,
          uniq_menkaure
D:7:      minmay_misc_feat_rows
D:8:      lair_entry_dummy, hangedman_ranch, st_stairs_6, minmay_evil_grid,
          uniq_pikel
Temple:   kilobyte_greek_temple

Skill      XL: |  1  2  3  4  5  6  7  8  9 10 |
---------------+-------------------------------+-----
Necromancy     | 5 |  5.5
Unarmed Combat | 1 3 4 6 8 10 12 13 | 13.0
Invocations    | 2 |  2.1
Armour         | |  0.3
Dodging        | |  1.7
Stealth        | |  1.7
Spellcasting   | |  2.0

Action                   |  1- 3 |  4- 6 |  7- 9 | 10-12 || total
-------------------------+-------+-------+-------+-------++-------
Melee: Unarmed           |    23 |   161 |   407 |    47 ||   638
       Punch             |       |     5 |    10 |     2 ||    17
 Fire: Hunting sling     |       |       |     3 |       ||     3
Throw: Tomahawk          |       |       |    12 |       ||    12
 Cast: Pain              |    64 |    14 |    38 |       ||   116
       Animate Skeleton  |    14 |     8 |    49 |     2 ||    73
Invok: Heroism           |       |       |     1 |     1 ||     2
Evoke: Wand              |       |       |     4 |       ||     4
  Use: Scroll            |     6 |     7 |     6 |     1 ||    20
       Potion            |       |     3 |     1 |     2 ||     6
 Stab: Sleeping          |       |     1 |       |       ||     1
       Distracted        |       |       |     4 |       ||     4
  Eat: Chunk             |     5 |     7 |    17 |     1 ||    30
Armor: Robe              |     4 |       |       |       ||     4
       Ring mail         |     3 |    41 |   124 |     4 ||   172
       Chain mail        |       |       |       |     5 ||     5
Dodge: Dodged            |    25 |    72 |   159 |    21 ||   277

Table legend:
 A = Turns spent in this place as a percentage of turns spent in the entire game.
 B = Non-inter-level travel turns spent in this place as a percentage of non-inter-level travel turns spent in the entire game.
 C = Inter-level travel turns spent in this place as a percentage of turns spent in this place.
 D = Turns resting spent in this place as a percentage of non-inter-level travel turns spent in this place.
 E = Turns spent auto-exploring this place as a percentage of non-inter-level travel turns spent in this place.
 F = Non-inter-level travel turns spent in this place divided by the number of levels of this place that you've seen.
                   A       B       C       D       E      F
               +-------+-------+-------+-------+-------+----------------------
         Total | 100.0 | 100.0 |   0.6 |   3.9 |   6.1 | 324.3
       Dungeon |  99.3 |  99.3 |   0.6 |   3.9 |   6.1 | 362.2
        Temple |   0.7 |   0.7 |   4.5 |   0.0 |   4.8 |  21.0
               +-------+-------+-------+-------+-------+----------------------

Vault maps used:
D:1:      minmay_arrival_checkered_box, minmay_tripent
D:2:      serial_glass, glass_columns_a, glass_columns_c, glass_columns_a,
          glass_columns_a, glass_columns_b, glass_columns_b, glass_columns_b,
          glass_columns_a, nicolae_gozag_zags_fifth_avenue
D:3:      uniq_natasha
D:4:      kennysheep_orc_chapel, uniq_duvessa
D:5:      wad_pebble_path, first_bread
D:6:      nicolae_overflow_hidden_temple, minmay_temple_entry_overgrown,
          uniq_menkaure
D:7:      minmay_misc_feat_rows
D:8:      lair_entry_dummy, hangedman_ranch, st_stairs_6, minmay_evil_grid,
          uniq_pikel
Temple:   kilobyte_greek_temple
